 Dungeon Crawl Stone Soup version 0.30-b1-2-g02819fbbbe (webtiles) character file.

Game seed: 10646393488638395479

98 asdfasdf the Covered (level 4, -8/40 HPs)
             Began as a Hill Orc Fighter on May 2, 2023.
             Mangled by Crazy Yiuf
             ... wielding a +3 quarterstaff of chaos
              (13 damage)
             ... on level 2 of the Dungeon.
             The game lasted 00:02:40 (1642 turns).

asdfasdf the Covered (Hill Orc Fighter)             Turns: 1642, Time: 00:02:41

Health: -8/40      AC:  8    Str: 20    XL:     4   Next: 69%
Magic:  2/4        EV:  9    Int:  8    God:
Gold:   54         SH:  4    Dex: 10    Spells: 3/3 levels left

rFire   . . .        a - +0 war axe
rCold   . . .        c - +0 buckler
rNeg    . . .        b - +0 scale mail
rPois   .            (no helmet)
rElec   .            (no cloak)
rCorr   .            (no gloves)
SInv    .            r - +0 pair of boots
Will    .....        (no amulet) Stlth
                     (no ring)
HPRegen 0.26/turn    (no ring)
MPRegen 0.09/turn

%: no passive effects
@: no status effects
A: no striking features
a: no special abilities


You were on level 2 of the Dungeon.
You visited 1 branch of the dungeon, and saw 2 of its levels.

You collected 54 gold pieces.

Inventory:

Hand Weapons
 a - a +0 war axe (weapon)
Missiles
 j - a throwing net (quivered)
Armour
 b - a +0 scale mail (worn)
 c - a +0 buckler (worn)
 r - a +0 pair of boots (worn)
Scrolls
 e - a scroll of fear {unknown}
 f - 2 scrolls of teleportation {unknown}
 g - a scroll of fog {unknown}
 k - a scroll of enchant armour {unknown}
 m - 5 scrolls of identify {unknown}
 p - a scroll of immolation {unknown}
Potions
 d - 2 potions of might
 h - 2 potions of curing {unknown}
 i - a potion of brilliance {unknown}
 l - a potion of lignification {unknown}
 n - a potion of magic {unknown}
 o - a potion of invisibility {unknown}
 q - a potion of attraction {unknown}


   Skills:
 + Level 4.0 Fighting
 + Level 4.0 Axes
 + Level 4.2 Armour
 + Level 0.5 Dodging
 + Level 0.8 Stealth
 + Level 3.5 Shields


You had 3 spell levels left.
You didn't know any spells.
Your spell library was empty.

Dungeon Overview and Level Annotations

Branches:
Dungeon (2/15)

Altars:
Kikubaaqudgha

Shops:
D:1 :

Annotations:
D:2 Crazy Yiuf


Message History

m - 5 scrolls labelled HUACHOA ZYETT (gained 1)
Found a short sword.
A hobgoblin comes into view.
The hobgoblin shouts!
An endoplasm comes into view.
The hobgoblin barely misses you.
You hit the hobgoblin.
You kill the hobgoblin!
You slash the endoplasm!
You kill the endoplasm!
You see here a hobgoblin corpse.
Found a hammer.
Found a runed translucent door.
Crazy Yiuf shouts!
You open the door. You slash Crazy Yiuf!
Crazy Yiuf is heavily wounded.
Crazy Yiuf laughs, "Rot horse light!"
You block Crazy Yiuf's attack.
You closely miss Crazy Yiuf.
Crazy Yiuf is heavily wounded.
Crazy Yiuf hits you with a +3 quarterstaff of chaos.
You resist with some effort.
Crazy Yiuf screams, "Two!
Key poople cloud."
Crazy Yiuf hits you with a +3 quarterstaff of chaos!
You hit Crazy Yiuf but do no damage.
Crazy Yiuf is heavily wounded.
Crazy Yiuf hits you with a +3 quarterstaff of chaos!
You hit Crazy Yiuf but do no damage.
Crazy Yiuf is heavily wounded.
Crazy Yiuf hits you with a +3 quarterstaff of chaos.
You feel your power leaking away.
You hit Crazy Yiuf but do no damage.
Crazy Yiuf is heavily wounded.
Crazy Yiuf barely misses you.
Crazy Yiuf hits you with a +3 quarterstaff of chaos!
* * * LOW HITPOINT WARNING * * *
You hit Crazy Yiuf.
Crazy Yiuf is heavily wounded.
Crazy Yiuf hits you with a +3 quarterstaff of chaos!
You die...

#####.##.#.#
#...########.
###### #.######
##..##.##....
.....### #.#
#..#.#)#.##.
.......# ### #####
#...###..##.
.......# #..)#
#..## ##....
.......# #...#
#<..###..##.
......## ...
#..#.#.#....
#####.# #g#
#..##.#####.
#####.###### ♣♣@♣
#..#### #.
##.........# ♣.♣♣
#....# #.
##.##.##..## ♣♣.♣
#..#.# #.
##.##.##..## ♣.♣♣
#..#.# #.
##.##.[....# ♣♣.♣♣
#.##.# #.
##.#.......#
♣...♣♣
####.#######
.....###..##
♣....♣
#...........
##......>..#
#....#
####.######.
#############....#
### #.#


You could see Crazy Yiuf.

Vanquished Creatures
  3 gnolls (D:2)
  3 adders (D:2)
  A bat (D:2)
  3 endoplasms
  2 goblins
  6 hobgoblins
  6 jackals (D:2)
  3 quokkas
  3 ball pythons
  2 frilled lizards (D:1)
  3 kobolds
  6 rats
41 creatures vanquished.

Notes
Turn   | Place    | Note
-------+----------+-------------------------------------------
     0 | D:1      | asdfasdf the Hill Orc Fighter began the quest for the Orb.
     0 | D:1      | Reached XP level 1. HP: 19/19 MP: 1/1
    26 | D:1      | Found Areuniq's Vocational Training.
   313 | D:1      | Reached XP level 2. HP: 27/27 MP: 2/2
   984 | D:2      | Reached XP level 3. HP: 32/33 MP: 3/3
  1119 | D:2      | Reached XP level 4. HP: 40/40 MP: 4/4
  1173 | D:2      | Found an ancient bone altar of Kikubaaqudgha.
  1632 | D:2      | Found a runed translucent door.
  1633 | D:2      | Noticed Crazy Yiuf
  1642 | D:2      | Mangled by Crazy Yiuf

Illustrated notes

Levels and vault maps discovered:
D:1:      minmay_arrival_up_and_down, layout_basic, st_stairs_2,
          interstate_on_off, nicolae_shop_vocational
D:2:      layout_loops_cross, basic_altar, minmay_heptomino_d4,
          uniq_crazy_yiuf_cottage

Skill      XL: |  1  2  3  4 |
---------------+-------------+-----
Axes           | 3 4 |  4.0
Fighting       | 4 |  4.0
Armour         | 4 |  4.2
Dodging        | |  0.5
Stealth        | |  0.8
Shields        | |  3.5

Action                     |  1- 3 |  4- 6 || total
---------------------------+-------+-------++-------
  Melee: War axe           |    64 |    34 ||    98
 Armour: Scale mail        |    29 |    20 ||    49
  Dodge: Dodged            |    25 |    15 ||    40
  Block: Buckler           |    10 |    10 ||    20
